 Dungeon Crawl Stone Soup version 0.29.0-4-gdea44cf6ec (webtiles) character file.

Game seed: 12770483728645564553

98 qw the Ruffian (level 4, -1/36 HPs)
             Began as a Ghoul Fire Elementalist on Aug 29, 2022.
             Slain by an ice beast (4 damage)
             ... on level 3 of the Dungeon.
             The game lasted 00:02:19 (2572 turns).

qw the Ruffian (Ghoul Fire Elementalist)            Turns: 2572, Time: 00:02:20

Health: -1/36      AC:  5    Str: 13    XL:     4   Next: 69%
Magic:  5/5        EV: 10    Int: 10    God:
Gold:   166        SH:  0    Dex:  9    Spells: 5/6 levels left

rFire   . . .      SeeInvis .     - Unarmed
rCold   + . .      Faith    .   (no shield)
rNeg    + + +      Spirit   .   i - +0 ring mail
rPois   inf        Reflect  .   (no helmet)
rElec   .          Harm     .   (no cloak)
rCorr   .          Rampage  .   (no gloves)
Will    .....                   (no boots)
Stlth   +.........              (no amulet)
HPRegen 0.00/turn               (no ring)
MPRegen 0.09/turn               (no ring)

@: inhibited regen
A: claws 1, cold resistance 1, negative energy resistance 3, inhibited
regeneration, torment resistance 2, devour on kill
a: no special abilities


You were on level 3 of the Dungeon.
You visited 1 branch of the dungeon, and saw 3 of its levels.

You collected 166 gold pieces.


Innate Abilities, Weirdness & Mutations

You are immune to poison.
You have sharp fingernails.
Your flesh is cold resistant. (rC+)
You are immune to negative energy. (rN+++)
You do not regenerate when monsters are visible.
You are immune to unholy pain and torment.
You thrive by killing the living.


   Skills:
 + Level 1.9 Fighting
 - Level 1.7 Dodging
 - Level 2.1 Stealth
 - Level 4.0 Unarmed Combat
 - Level 1.7 Spellcasting
 - Level 0.7 Conjurations
 - Level 2.4 Fire Magic


You had 5 spell levels left.
You knew the following spells:

 Your Spells              Type           Power      Damage    Failure   Level
a - Foxfire               Conj/Fire      16%        2x1d4     36%         1

Your spell library contained the following spells:

 Spells                   Type           Power      Damage    Failure   Level
 Scorch                   Fire           10%        2d5       36%         2
 Conjure Flame            Conj/Fire      4%         6-21      73%         3
 Inner Flame              Hex/Fire       3%         N/A       78%         3
 Flame Wave               Conj/Fire      4%         2d5       98%         4

Inventory:

Armour
 b - a +0 chain mail
 g - a +0 pair of boots
 i - a +0 ring mail (worn)
Scrolls
 a - 2 scrolls of identify
 d - a scroll of torment {unknown}
 j - 3 scrolls of poison {unknown}
Potions
 c - 5 potions of curing
 e - a potion of mutation
 f - a potion of might
 h - 2 potions of flight {unknown}
 l - 2 potions of heal wounds {unknown}
 o - 2 potions of degeneration {unknown}

Dungeon Overview and Level Annotations

Branches:
Dungeon (3/15)

Altars:


Message History

You scratch the bat.
You kill the bat!
You start resting.
HP restored.
You see here a bat corpse.
g - a +0 pair of boots
j - 3 scrolls labelled XOUMMO UMEUZ
Found a hand axe.
o - 2 sedimented blue potions (gained 1)
Found a stone.
An ice beast comes into view.
You barely miss the ice beast. The ice beast hits you.
The ice beast freezes you. You resist.
You scratch the ice beast.
The ice beast is lightly wounded.
The ice beast closely misses you.
You scratch the ice beast but do no damage.
The ice beast is lightly wounded.
The ice beast hits you. The ice beast freezes you. You resist.
You scratch the ice beast but do no damage.
The ice beast is lightly wounded.
The ice beast closely misses you.
You scratch the ice beast.
The ice beast is lightly wounded.
The ice beast hits you. The ice beast freezes you! You resist.
You closely miss the ice beast.
The ice beast is lightly wounded.
The ice beast hits you. The ice beast freezes you. You resist.
You closely miss the ice beast.
The ice beast is lightly wounded.
The ice beast hits you but does no damage.
You closely miss the ice beast.
The ice beast is lightly wounded.
You scratch the ice beast.
The ice beast is moderately wounded.
The ice beast hits you. The ice beast freezes you. You resist.
You closely miss the ice beast.
The ice beast is moderately wounded.
The ice beast hits you.
You die...

##### #...#
#######.#.###########
.....................
.....#...###.########
#....Y@...#.####
.....#..........##
.(...............#
#..#............##
#$...........#
#)...........# .
+......#.....##....
#......#........#
######......#.#


You could see an ice beast.

Vanquished Creatures
  4 adders
  A worm (D:2)
  2 orcs (D:3)
  4 bats
  5 endoplasms
  5 giant cockroaches
  4 goblins
  6 hobgoblins
  4 jackals (D:1)
  6 kobolds
  A quokka (D:2)
  3 ball pythons
  2 frilled lizards (D:1)
  8 rats
55 creatures vanquished.

Notes
Turn   | Place    | Note
-------+----------+-------------------------------------------
     0 | D:1      | qw the Ghoul Fire Elementalist began the quest for the Orb.
     0 | D:1      | Reached XP level 1. HP: 14/14 MP: 2/2
     0 | D:1      | 0 ||| qw: Version: 0.1-a-90-g952f4b7
     0 | D:1      | 0 ||| qw: Game counter: 3869
     0 | D:1      | 0 ||| qw: Always use a shield: true
     0 | D:1      | 0 ||| qw: God list: Okawaru
     0 | D:1      | 0 ||| qw: Allow faded altars: false
     0 | D:1      | 0 ||| qw: Do Orc after D:15 true
     0 | D:1      | 0 ||| qw: Do second Lair branch before Depths: true
     0 | D:1      | 0 ||| qw: Lair rune preference: random
     0 | D:1      | 0 ||| qw: Plans: Normal
     0 | D:1      | 0 ||| PLANNING D:1-11
   201 | D:1      | 201 ||| Stepping ~*~*~tactically~*~*~ (stealth).
   203 | D:1      | 203 ||| Stepping ~*~*~tactically~*~*~ (stealth).
   205 | D:1      | 205 ||| Stepping ~*~*~tactically~*~*~ (stealth).
   242 | D:1      | 242 ||| Stepping ~*~*~tactically~*~*~ (stealth).
   245 | D:1      | 245 ||| Stepping ~*~*~tactically~*~*~ (stealth).
   250 | D:1      | Reached skill level 1 in Unarmed Combat
   255 | D:1      | 255 ||| Stepping ~*~*~tactically~*~*~ (stealth).
   257 | D:1      | 257 ||| Stepping ~*~*~tactically~*~*~ (stealth).
   259 | D:1      | 259 ||| Stepping ~*~*~tactically~*~*~ (stealth).
   321 | D:1      | Reached skill level 1 in Fighting
   321 | D:1      | Reached XP level 2. HP: 23/23 MP: 3/3
   386 | D:1      | 386 ||| Stepping ~*~*~tactically~*~*~ (stealth).
   388 | D:1      | 388 ||| Stepping ~*~*~tactically~*~*~ (stealth).
   729 | D:1      | Reached skill level 2 in Unarmed Combat
  1240 | D:1      | 1240 ||| UPGRADING to +0 ring mail.
  1250 | D:1      | 1250 ||| DROPPING +0 robe.
  1251 | D:1      | 1251 ||| READING scroll labelled NOEPYG ATOTZ.
  1252 | D:1      | 1252 ||| DRINKING 2 golden potions.
  1253 | D:1      | 1253 ||| DRINKING 2 dark potions.
  1254 | D:1      | 1254 ||| DROPPING potion of magic.
  1287 | D:2      | 1287 ||| Stepping ~*~*~tactically~*~*~ (stealth).
  1315 | D:2      | Reached XP level 3. HP: 28/28 MP: 4/4
  1371 | D:2      | 1371 ||| Stepping ~*~*~tactically~*~*~ (outnumbered).
  1372 | D:2      | 1372 ||| Stepping ~*~*~tactically~*~*~ (outnumbered).
  1373 | D:2      | 1373 ||| Stepping ~*~*~tactically~*~*~ (outnumbered).
  1374 | D:2      | 1374 ||| Stepping ~*~*~tactically~*~*~ (outnumbered).
  1375 | D:2      | 1375 ||| Stepping ~*~*~tactically~*~*~ (outnumbered).
  1380 | D:2      | Reached skill level 3 in Unarmed Combat
  1452 | D:2      | Found a faded altar of an unknown god.
  1731 | D:2      | Reached XP level 4. HP: 22/35 MP: 5/5
  2113 | D:2      | 2113 ||| DROPPING ring of magical power.
  2114 | D:2      | 2114 ||| DROPPING ring of wizardry.
  2115 | D:2      | 2115 ||| READING scroll labelled ZYTRIE DODANUC.
  2116 | D:2      | 2116 ||| READING scroll labelled VAINAT IGG.
  2117 | D:2      | 2117 ||| READING scroll labelled VOOSIA GO PUOV.
  2118 | D:2      | 2118 ||| READING scroll labelled FEIS WIMEJUFE.
  2119 | D:2      | 2119 ||| DRINKING 2 puce potions.
  2120 | D:2      | 2120 ||| READING 3 scrolls of identify.
  2120 | D:2      | 2120 ||| IDENTIFYING smoky brown potion
  2121 | D:2      | 2121 ||| READING 2 scrolls of identify.
  2121 | D:2      | 2121 ||| IDENTIFYING murky white potion
  2122 | D:2      | 2122 ||| DROPPING potion of brilliance.
  2123 | D:2      | 2123 ||| DROPPING potion of attraction.
  2185 | D:3      | 2185 ||| Stepping ~*~*~tactically~*~*~ (outnumbered).
  2186 | D:3      | 2186 ||| Stepping ~*~*~tactically~*~*~ (outnumbered).
  2273 | D:3      | 2273 ||| Stepping ~*~*~tactically~*~*~ (stealth).
  2278 | D:3      | Reached skill level 4 in Unarmed Combat
  2443 | D:3      | 2443 ||| Stepping ~*~*~tactically~*~*~ (stealth).
  2557 | D:3      | Noticed an ice beast
  2571 | D:3      | HP: 7/36 [ice beast (3)]
  2571 | D:3      | HP: 3/36 [ice beast (4)]
  2572 | D:3      | Slain by an ice beast

Levels and vault maps discovered:
D:1:      evilmike_arrival_rings, layout_basic, minivault_24,
          chequers_serial_rivers_room_b, hangedman_glass_teeth,
          chequers_serial_rivers_micro_b
D:2:      layout_basic, basic_ecumenical_altar, minmay_pentomino_x2
D:3:      minmay_chambers_of_twos, layout_basic

Skill      XL: |  1  2  3  4 |
---------------+-------------+-----
Unarmed Combat | 1 2 3 4 |  4.0
Fighting       | 1 |  1.9
Dodging        | |  1.7
Stealth        | |  2.1
Spellcasting   | |  1.7
Conjurations   | |  0.7
Fire Magic     | |  2.4

Action                   |  1- 3 |  4- 6 || total
-------------------------+-------+-------++-------
Melee: Unarmed           |   130 |    81 ||   211
  Use: Potion            |     2 |     1 ||     3
       Scroll            |     1 |     6 ||     7
Armor: Robe              |     5 |       ||     5
       Ring mail         |    20 |    16 ||    36
Dodge: Dodged            |    66 |    36 ||   102

Table legend:
 A = Non-vault XP
 B = Vault XP
 C = Vault XP percentage of total XP
 D = Non-vault monster count
 E = Vault monster count
 F = Vault count percentage of total count
                 A         B        C        D         E       F
            +---------+---------+-------+---------+---------+-------
      Total |     112 |      28 |  20.0 |      45 |      10 |  18.2
            +---------+---------+-------+---------+---------+-------
        D:1 |      30 |       0 |   0.0 |      19 |       0 |   0.0
        D:2 |      68 |       2 |   2.9 |      17 |       2 |  10.5
        D:3 |      14 |      26 |  65.0 |       9 |       8 |  47.1
            +---------+---------+-------+---------+---------+-------
